 Dungeon Sprint DCSS version 0.25.1-2-g60ff931df9 (webtiles) character file.

Game seed: 5642219219110625919

567 Doot the Geomancer (level 7, -1/36 HPs)
             Began as a Gargoyle Earth Elementalist on Sept 29, 2020.
             Was a High Priest of Vehumet.
             Killed from afar by a lindwurm (37 damage)
             ... with a blast of flame
             ... in the Dungeon (Sprint VII: "The Pits").
             The game lasted 00:02:10 (819 turns).

Doot the Geomancer (Gargoyle Earth Elementalist)     Turns: 819, Time: 00:02:13

Health: -1/36      AC:  6    Str: 12    XL:     7   Next: 33%
Magic:  19/19      EV: 13    Int: 17    God:    Vehumet [*****.]
Gold:   0          SH:  0    Dex: 10    Spells: 15/24 levels left

rFire    . . .     SeeInvis .   k - staff of energy
rCold    . . .     Gourm    .   (no shield)
rNeg     + . .     Faith    .   c - +0 robe
rPois    ∞         Spirit   .   (no helmet)
rElec    +         Reflect  .   (no cloak)
rCorr    .         Harm     .   (no gloves)
MR       .....     NoTele   +   (no boots)
Stlth    ++........             (no amulet)
HPRegen  0.12/turn              (no ring)
MPRegen  0.16/turn              (no ring)

@: no status effects
A: negative energy resistance 1, electricity resistance, unbreathing,
petrification resistance, rot immunity, AC +4
a: Renounce Religion


You were in the Dungeon.
You worshipped Vehumet.
Vehumet was extremely pleased with you.
You were not hungry.

You visited 1 branch

Inventory:

Hand Weapons
 p - a +2 falchion
 q - a +2 long sword of flaming
 r - a +3 flail of protection
Missiles
 b - a stone (quivered)
Armour
 c - a +0 robe (worn)
 s - a +3 ring mail
Magical Staves
 k - an uncursed staff of energy (weapon)
Scrolls
 j - a scroll of blinking
 l - 3 scrolls of remove curse
 m - 5 scrolls of amnesia
 n - a scroll of summoning
Potions
 a - 2 potions of invisibility
 e - 6 potions of curing
 f - 6 potions of heal wounds
 g - a potion of haste
 h - 4 potions of magic
 i - 3 potions of berserk rage
Comestibles
 d - 9 rations


   Skills:
 + Level 1.3 Long Blades
 + Level 3.5 Dodging
 + Level 2.8 Stealth
 * Level 9.3 Spellcasting
 * Level 4.6 Conjurations
   Level 0.7 Transmutations
 * Level 12.0 Earth Magic


You had 15 spell levels left.
You knew the following spells:

 Your Spells              Type           Power        Failure   Level  Hunger
a - Sandblast             Erth           #####.       1%          1    None
b - Stone Arrow           Conj/Erth      #####.       1%          3    None
c - Lee's Rapid Deconstr  Erth           #####.....   1%          5    None

Your spell library contained the following spells:

 Spells                   Type           Power        Failure   Level  Hunger
 Iskenderun's Mystic Bla  Conj/Tloc      ###.....     10%         4    None
 Passwall                 Tmut/Erth      ####....     1%          2    None
 Petrify                  Tmut/Erth      ####....     7%          4    None


Dungeon Overview and Level Annotations

Branches:
Dungeon (1/1)

Altars:
Ashenzari
Cheibriados
Dithmenos
Elyvilon
Fedhas
Gozag
Hepliaklqana
Kikubaaqudgha
Makhleb
Nemelex Xobeh
Okawaru
Qazlal
Ru
Sif Muna
Trog
Uskayaw
Vehumet
Wu Jian
Xom
Yredelemnul
Zin
The Shining One
Beogh
Jiyva
Lugonu


Innate Abilities, Weirdness & Mutations

You are resistant to torment.
Your stone body is resilient. (AC +4)
You are immune to poison.
You resist negative energy. (rN+)
You are resistant to electric shocks. (rElec)
You can survive without breathing.
You are immune to petrification.
You are immune to rotting.


Message History

Press: ? - help, Shift-Dir - straight line The stone arrow hits the bat skeleton!
You destroy the bat skeleton!
Vehumet accepts your kill.
You feel your power returning.
Okay, then.
You start resting.
All of the chunks of flesh in your inventory have rotted away.
HP restored.
There is an open door here.
You see here a vampire mosquito corpse.
You start resting.
Magic restored.
You open the door.
A frilled lizard and a lindwurm come into view.
The frilled lizard hisses angrily.
The lindwurm roars!
The lindwurm breathes flames at you. The blast of flame hits you!!!
Ouch! That really hurt!
You die...

#.#...)))..##.......#
#.#.....)[.##.......#
#'###########.......#
#.†.....#.. #########
#...#...#.# ####
#...#...#.#..l.#
#.##.##.#'#....#
#...#...#.'...k+
#...#...#@#
#.......'.#
###########


You could see a lindwurm (catching breath) and a frilled lizard.

Vanquished Creatures
  Menkaure (D)
  A vampire mosquito (D)
  An ice beast (D)
  A sky beast (D)
  2 crimson imps (D)
  A worker ant (D)
  A mummy (D)
  A river rat (D)
  A white imp (D)
  2 ufetubi (D)
  A bat skeleton (D)
  A bat zombie (D)
  A giant cockroach (D)
  2 hobgoblins (D)
  5 jackals (D)
  A kobold (D)
  A ball python skeleton (D)
  A giant cockroach zombie (D)
25 creatures vanquished.

Notes
Turn   | Place    | Note
-------+----------+-------------------------------------------
     0 | D        | Doot the Gargoyle Earth Elementalist began the quest for
                  | the Orb.
     0 | D        | Reached XP level 1. HP: 10/10 MP: 3/3
    13 | D        | Found a bloodstained altar of Trog.
    13 | D        | Found a shimmering blue altar of Sif Muna.
    13 | D        | Found a viscous altar of Jiyva.
    13 | D        | Found a hazy altar of Hepliaklqana.
    13 | D        | Found an opulent altar of Gozag.
    15 | D        | Reached skill level 5 in Earth Magic
    15 | D        | Reached XP level 2. HP: 8/15 MP: 1/5
    16 | D        | Found a glowing golden altar of the Shining One.
    16 | D        | Found a glowing silver altar of Zin.
    16 | D        | Found a basalt altar of Yredelemnul.
    16 | D        | Found a shimmering altar of Xom.
    16 | D        | Found an ornate altar of the Wu Jian Council.
    16 | D        | Found a sacrificial altar of Ru.
    16 | D        | Found a stormy altar of Qazlal.
    16 | D        | Found an iron altar of Okawaru.
    16 | D        | Found a sparkling altar of Nemelex Xobeh.
    16 | D        | Found a burning altar of Makhleb.
    16 | D        | Found a blossoming altar of Fedhas.
    16 | D        | Found a white marble altar of Elyvilon.
    16 | D        | Found a shadowy altar of Dithmenos.
    16 | D        | Found a snail-covered altar of Cheibriados.
    17 | D        | Found a radiant altar of Vehumet.
    17 | D        | Found a corrupted altar of Lugonu.
    17 | D        | Found a roughly hewn altar of Beogh.
    18 | D        | Found a hide-covered altar of Uskayaw.
    18 | D        | Found an ancient bone altar of Kikubaaqudgha.
    18 | D        | Found a shattered altar of Ashenzari.
    27 | D        | Became a worshipper of Vehumet
   217 | D        | Reached * piety under Vehumet
   217 | D        | Offered knowledge of Magic Dart by Vehumet.
   237 | D        | Reached ** piety under Vehumet
   284 | D        | Reached skill level 6 in Earth Magic
   285 | D        | Reached XP level 3. HP: 18/19 MP: 5/7
   307 | D        | Learned a level 3 spell: Stone Arrow
   312 | D        | Reached *** piety under Vehumet
   316 | D        | Reached skill level 7 in Earth Magic
   317 | D        | Reached XP level 4. HP: 22/24 MP: 1/10
   433 | D        | Noticed Menkaure
   433 | D        | Noticed an ice beast
   450 | D        | Killed Menkaure
   450 | D        | Offered knowledge of Shock by Vehumet.
   450 | D        | Reached skill level 9 in Earth Magic
   450 | D        | Reached XP level 5. HP: 28/28 MP: 7/13
   456 | D        | Reached **** piety under Vehumet
   461 | D        | Noticed a sky beast
   568 | D        | Killed an ice beast
   568 | D        | Reached skill level 1 in Long Blades
   568 | D        | Reached skill level 10 in Earth Magic
   568 | D        | Reached XP level 6. HP: 32/32 MP: 13/16
   571 | D        | Killed a sky beast
   571 | D        | Reached skill level 11 in Earth Magic
   581 | D        | Learned a level 5 spell: Lee's Rapid Deconstruction
   625 | D        | Offered knowledge of Static Discharge by Vehumet.
   625 | D        | Reached ***** piety under Vehumet
   727 | D        | Noticed a vampire mosquito
   729 | D        | Killed a vampire mosquito
   729 | D        | Reached XP level 7. HP: 36/36 MP: 13/19
   769 | D        | Offered knowledge of Iskenderun's Mystic Blast by Vehumet.
   769 | D        | Reached skill level 12 in Earth Magic
   819 | D        | Noticed a lindwurm
   819 | D        | Killed from afar by a lindwurm

Illustrated notes

Levels and vault maps discovered:
D:        pitsprint [storerooms_1, entrance_room_1, metal_vault_2, armoury_3,
          mini_pit_1, grid_room_1, main_hall_1, silver_pit, the_coven_1,
          the_vestibule_1, steel_vault_5, golden_pit, hallway_of_sentries,
          crystal_vault_3, iron_vault_3, final_vault]

Skill      XL: |  1  2  3  4  5  6  7 |
---------------+----------------------+-----
Dodging        | 2 3 |  3.5
Earth Magic    | 5 6 7 9 10 11 12 | 12.0
Spellcasting   | 3 4 6 7 9 |  9.3
Conjurations   | 2 3 4 |  4.6
Long Blades    | 1 |  1.3
Stealth        | |  2.8
Transmutations | |  0.7

Action                   |  1- 3 |  4- 6 |  7- 9 || total
-------------------------+-------+-------+-------++-------
Melee: Falchion          |     4 |       |       ||     4
       Staff             |     3 |       |     1 ||     4
 Cast: Sandblast         |    19 |    20 |       ||    39
       Stone Arrow       |       |     1 |     3 ||     4
       Lee's Rapid Decon |       |       |     1 ||     1
Armor: Robe              |    10 |     2 |     2 ||    14
Dodge: Dodged            |    16 |     9 |     6 ||    31
